 Dungeon Crawl Stone Soup version 0.25-a0-942-g87a53962fc (webtiles) character file.

Game seed: 14537013446385135603, levelgen mode: deterministic

4661 Chiseanne the Fighter (level 10, 0/98 HPs)
             Began as a Demonspawn Wanderer on May 5, 2020.
             Was a Believer of Makhleb.
             Slain by a killer bee (3 damage)
             ... on level 10 of the Dungeon on May 6, 2020.
             The game lasted 00:32:11 (6752 turns).

Chiseanne the Fighter (Demonspawn Wanderer)         Turns: 6752, Time: 00:32:12

Health: 0/98       AC:  7    Str: 13    XL:     10   Next: 20%
Magic:  15/15      EV: 16    Int: 20    God:    Makhleb [**....]
Gold:   258        SH:  0    Dex: 13    Spells: 16/16 levels left

rFire    . . .     SeeInvis .   a - +2 whip (venom)
rCold    + . .     Gourm    .   (no shield)
rNeg     . . .     Faith    .   y - +0 troll leather armour
rPois    .         Spirit   .   (helmet restricted)
rElec    .         Reflect  .   (no cloak)
rCorr    .         Harm     .   (no gloves)
MR       .....                  l - +1 pair of boots
Stlth    +.........             E - amulet of Vitality {Regen+ HP+15}
HPRegen  1.06/turn              r - ring of protection from cold
MPRegen  0.14/turn              t - +4 ring of intelligence

@: lethally poisoned (0 -> -1)
A: claws 2, hooves 2, horns 1, demonic guardian 1, powered by death 1
a: Minor Destruction, Renounce Religion


You were on level 10 of the Dungeon.
You worshipped Makhleb.
Makhleb was pleased with you.
You were not hungry.

You visited 2 branches of the dungeon, and saw 11 of its levels.

You collected 258 gold pieces.

Inventory:

Hand Weapons
 a - a +2 whip of venom (weapon)
 d - a +0 whip of electrocution
 s - a +3 short sword of speed
Missiles
 c - 187 arrows
 g - 9 boomerangs
 m - 72 bolts
 p - 9 curare-tipped darts (quivered)
 q - 3 silver boomerangs
 u - 101 sling bullets
 x - 18 poisoned darts
 C - a throwing net
Armour
 l - a +1 pair of boots (worn)
 y - a +0 troll leather armour (worn)
Magical Staves
 w - an uncursed staff of air
Jewellery
 r - a ring of protection from cold (left claw)
 t - a +4 ring of intelligence (right claw)
 E - the amulet of Vitality (around neck) {Regen+ HP+15}
   (You found it on level 10 of the Dungeon)

   [amulet of regeneration]

   It affects your health (+15).
   It increases your rate of regeneration.
Wands
 z - a wand of acid (6)
 D - a wand of disintegration (13)
Scrolls
 b - 3 scrolls of teleportation
 v - 4 scrolls of remove curse
 B - 4 scrolls of amnesia
 F - a scroll of magic mapping
Potions
 e - a potion of flight
 h - a potion of invisibility
 i - a potion of heal wounds
 j - 2 potions of might
 k - 2 potions of stabbing
 n - a potion of magic {unknown}
 o - 2 potions of curing
Comestibles
 f - 15 rations
 A - 4 chunks of flesh


   Skills:
 * Level 9.0 Fighting
   Level 1.0 Axes
 - Level 1.0 Throwing
 - Level 6.8 Armour
 * Level 8.2 Dodging
 * Level 3.6 Spellcasting
   Level 2.6 Ice Magic
 - Level 1.0 Evocations


You had 16 spell levels left.
You didn't know any spells.
Your spell library contained the following spells:

 Spells                   Type           Power        Failure   Level  Hunger
 Shock                    Conj/Air       #...         17%         1    None
 Passwall                 Tmut/Erth      #.......     26%         2    ##.....
 Sticks to Snakes         Tmut           #.......     26%         2    ##.....
 Swiftness                Chrm/Air       #.......     26%         2    ##.....
 Static Discharge         Conj/Air       #.......     45%         3    ###....
 Airstrike                Air            #.........   86%         4    ####...
 Lightning Bolt           Conj/Air       #.........   99%         5    ######.


Dungeon Overview and Level Annotations

Branches:
Dungeon (10/15)            Temple (1/1) D:4            Lair (0/6) D:8
    Orc: D:9-12

Altars:
Ashenzari
Cheibriados
Dithmenos
Elyvilon
Fedhas
Gozag
Hepliaklqana
Kikubaaqudgha
Makhleb
Nemelex Xobeh
Okawaru
Qazlal
Ru
Sif Muna
Trog
Uskayaw
Vehumet
Wu Jian
Xom
Yredelemnul
Zin
The Shining One

Shops:
D:4 *

Annotations:
D:8 2 transporters


Innate Abilities, Weirdness & Mutations

You have very sharp fingernails.
You have hoof-like feet.
You have a pair of small horns on your head.
A weak demonic guardian rushes to your aid.
You regenerate a little health from kills.


Message History

* * * LOW HITPOINT WARNING * * *
You are more poisoned.
The killer bee poisons you! The killer bee stings you.
* * * LOW HITPOINT WARNING * * *
The killer bee barely misses you.
You hit the killer bee but do no damage.
The killer bee is poisoned.
Your headbutt misses the killer bee.
The killer bee is lightly wounded.
You feel sick. The killer bee barely misses you.
The killer bee closely misses you.
You barely miss the killer bee.
The killer bee is heavily wounded.
You feel sick.
The killer bee stings you but does no damage.
The killer bee stings you.
* * * LOW HITPOINT WARNING * * *
You barely miss the killer bee.
The killer bee is heavily wounded.
You feel sick. The killer bee stings you.
You die...

#........# #. ##
#........# #. ..#
#........########. ..
#.)......'.....##.
#.##........#####.##.
..#........# #..'.
#.#........# ####.
#.#y.......# #.
#.+@.......# #.
###........# #.
#........# #.
#........# ##
#######'## #....# #
###.####### #
#.........# #####
#.........# #....


You could see a killer bee.

Vanquished Creatures
  A two-headed ogre (D:8)
  A troll (D:9)
  5 yaks
  A wraith (D:10)
  A hungry ghost (D:10)
  2 wargs (D:8)
  An orc warrior (D:3)
  An ice beast (D:9)
  A black bear (D:10)
  4 ogres
  4 centaurs
  A crocodile (D:10)
  4 bullfrogs
  5 scorpions
  2 killer bees (D:10)
  A crimson imp (D:9)
  3 hounds
  An orc priest (D:8)
  2 iguanas
  3 orc wizards
  7 worker ants
  A howler monkey zombie (D:5)
  2 worker ant zombies
  5 adders
  3 shadow imps
  An ooze (D:1)
  An adder skeleton (D:5)
  A worm (D:2)
  A dart slug (D:1)
  4 leopard geckos
  27 orcs
  5 bats
  4 giant cockroaches
  2 goblins
  5 hobgoblins (D:1)
  13 jackals
  4 quokkas
  A frilled lizard (D:1)
  4 kobolds
  A leopard gecko skeleton (D:9)
  A quokka skeleton (D:7)
  6 rats
143 creatures vanquished.

Vanquished Creatures (collateral kills)
  5 yaks
  A warg (D:8)
  A black bear (D:7)
  An ogre (D:7)
  A bullfrog (D:7)
  A scorpion (D:3)
  A killer bee (D:10)
  A hound (D:10)
  2 orc wizards (D:8)
  A worm (D:4)
  2 orcs (D:8)
  2 jackals (D:7)
  A quokka (D:4)
20 creatures vanquished.

Vanquished Creatures (others)
  An orc wizard (D:3)
1 creature vanquished.

Grand Total: 164 creatures vanquished

Notes
Turn   | Place    | Note
-------+----------+-------------------------------------------
     0 | D:1      | Chiseanne the Demonspawn Wanderer began the quest for the
                  | Orb.
     0 | D:1      | Chiseanne set off with the following items: a +2 dagger, 4
                  | curare-tipped darts, a +0 ring mail, a ration; and the
                  | following spells available to memorise: Passwall, Sticks to
                  | Snakes
     0 | D:1      | Reached XP level 1. HP: 13/13 MP: 3/3
   117 | D:1      | Gained mutation: You regenerate a little health from kills.
                  | [demonic ancestry]
   117 | D:1      | Reached XP level 2. HP: 17/20 MP: 5/5
   137 | D:1      | Reached skill level 1 in Fighting
   201 | D:1      | Reached skill level 1 in Dodging
   634 | D:2      | Gained mutation: You have sharp fingernails. [demonic
                  | ancestry]
   634 | D:2      | Reached XP level 3. HP: 25/26 MP: 6/6
   885 | D:2      | You fall into a shaft and drop 2 floors!
   889 | D:4      | Noticed an ogre
   914 | D:5      | Entered Level 5 of the Dungeon
  1058 | D:5      | Gained mutation: A weak demonic guardian rushes to your
                  | aid. [demonic ancestry]
  1058 | D:5      | Reached XP level 4. HP: 17/33 MP: 7/7
  1335 | D:5      | Reached skill level 2 in Fighting
  1785 | D:5      | Noticed an ice beast
  1847 | D:4      | Killed an ogre
  1847 | D:4      | Gained mutation: You have very sharp fingernails. [demonic
                  | ancestry]
  1847 | D:4      | Reached XP level 5. HP: 21/39 MP: 8/8
  1995 | D:4      | Reached skill level 3 in Fighting
  2053 | D:4      | Found Zourej's General Store.
  2189 | D:3      | Gained mutation: You have large cloven feet. [demonic
                  | ancestry]
  2189 | D:3      | Reached XP level 6. HP: 47/47 MP: 9/9
  2454 | D:3      | Noticed an orc warrior
  2492 | D:3      | Killed an orc warrior
  2971 | D:4      | Found a staircase to the Ecumenical Temple.
  2985 | Temple   | Entered the Ecumenical Temple
  3154 | Temple   | Became a worshipper of Makhleb the Destroyer
  3228 | D:5      | Reached skill level 4 in Fighting
  3389 | D:5      | Reached XP level 7. HP: 54/54 MP: 10/10
  3926 | D:7      | Reached * piety under Makhleb
  3946 | D:7      | Reached skill level 5 in Fighting
  4123 | D:7      | Reached skill level 5 in Armour
  4190 | D:7      | Reached XP level 8. HP: 59/62 MP: 11/11
  4272 | D:7      | Reached skill level 5 in Dodging
  4563 | D:8      | Upgraded the game from 0.25-a0-939-g1e880d33e3 to
                  | 0.25-a0-942-g87a53962fc
  4671 | D:8      | Noticed a two-headed ogre
  4680 | D:8      | Killed a two-headed ogre
  4680 | D:8      | Reached skill level 6 in Fighting
  4831 | D:8      | Found a transporter.
  4833 | D:8      | Noticed a hornet
  4835 | D:8      | Found a transporter.
  4838 | D:8      | a hornet changed into a spriggan
  4845 | D:8      | Found a sacrificial altar of Ru.
  4880 | D:8      | Noticed a komodo dragon
  4880 | D:8      | Noticed a harpy
  4880 | D:8      | a komodo dragon changed into a harpy
  5143 | D:9      | Gained mutation: You have hoof-like feet. [demonic
                  | ancestry]
  5143 | D:9      | Reached XP level 9. HP: 62/71 MP: 12/12
  5494 | D:9      | Noticed a troll
  5507 | D:9      | Killed a troll
  5507 | D:9      | Reached skill level 7 in Fighting
  5862 | D:8      | Reached skill level 8 in Fighting
  6069 | D:8      | Found a staircase to the Lair.
  6172 | D:9      | Reached ** piety under Makhleb
  6267 | D:10     | Entered Level 10 of the Dungeon
  6293 | D:10     | Found the amulet of Vitality {Regen+ HP+15}
  6536 | D:10     | Gained mutation: You have a pair of small horns on your
                  | head. [demonic ancestry]
  6536 | D:10     | Reached XP level 10. HP: 82/82 MP: 14/14
  6678 | D:10     | Reached skill level 9 in Fighting
  6751 | D:10     | HP: 3/98 [killer bee (2)]
  6752 | D:10     | Slain by a killer bee

Levels and vault maps discovered:
D:1:      saegor_arrival_miasma, layout_loops_ring
D:2:      layout_loops_cross, due_unseen_surprise
D:3:      layout_basic, first_ration
D:4:      layout_basic, minmay_temple_entry_offerings, serial_shops, shop_statue
D:5:      layout_basic, basic_altar, minmay_misc_feat_enclosed
D:6:      layout_loops_ring, serial_co_window_serial, co_window_paths_b,
          co_window_paths_a, co_window_paths_a, co_window_of_opportunity_a,
          co_window_paths_b, co_window_cross_1, co_window_of_opportunity_c,
          co_window_unsneaky_path_a, co_window_corner_cb, co_window_paths_e,
          glass_columns_b, serial_bayou_pond_b
D:7:      layout_basic, david_defended_altar_orc
D:8:      layout_cave_pools, gammafunk_temple_overflow_arena,
          erik_lair_orcish_takeover
D:9:      layout_roguey
D:10:     layout_roguey, special_room [special_room_kobold], grunt_ogre_cave
Temple:   roderic_octagonal_lattice_temple

Skill      XL: |  1  2  3  4  5  6  7  8  9 10 |
---------------+-------------------------------+-----
Armour         | 2 3 4 5 6 |  6.8
Fighting       | 1 2 3 4 5 6 8 9 |  9.0
Dodging        | 1 2 3 4 6 7 8 |  8.2
Spellcasting   | 3 |  3.6
Axes           | |  1.0
Throwing       | |  1.0
Ice Magic      | |  2.6
Evocations     | |  1.0

Action                   |  1- 3 |  4- 6 |  7- 9 | 10-12 || total
-------------------------+-------+-------+-------+-------++-------
Melee: Dagger            |   145 |    97 |       |       ||   242
       Short sword       |       |   137 |   117 |       ||   254
       Whip              |       |       |   234 |   100 ||   334
       Headbutt          |       |       |       |    11 ||    11
Throw: Dart              |       |    23 |    21 |       ||    44
       Boomerang         |       |       |     3 |       ||     3
  Use: Scroll            |     5 |     4 |     8 |       ||    17
       Potion            |     1 |       |     1 |       ||     2
 Stab: Distracted        |       |       |     4 |       ||     4
       Sleeping          |       |       |     1 |       ||     1
  Eat: Chunk             |     1 |     7 |    11 |     6 ||    25
Armor: Ring mail         |    13 |       |       |       ||    13
       Scale mail        |    50 |   107 |    95 |       ||   252
       Troll leather arm |       |       |    22 |    49 ||    71
Dodge: Dodged            |    67 |    90 |   227 |   101 ||   485

Table legend:
 A = Non-vault XP
 B = Vault XP
 C = Vault XP percentage of total XP
 D = Non-vault monster count
 E = Vault monster count
 F = Vault count percentage of total count
                 A         B        C        D         E       F
            +---------+---------+-------+---------+---------+-------
      Total |    6162 |     497 |   7.5 |     154 |      10 |   6.1
            +---------+---------+-------+---------+---------+-------
        D:1 |      34 |       0 |   0.0 |      16 |       0 |   0.0
        D:2 |      30 |       0 |   0.0 |       9 |       0 |   0.0
        D:3 |     243 |       0 |   0.0 |      20 |       0 |   0.0
        D:4 |     304 |       0 |   0.0 |      18 |       0 |   0.0
        D:5 |     215 |       0 |   0.0 |      10 |       0 |   0.0
        D:6 |     153 |      92 |  37.6 |       7 |       3 |  30.0
        D:7 |     636 |       0 |   0.0 |      20 |       0 |   0.0
        D:8 |    1074 |     405 |  27.4 |      16 |       7 |  30.4
        D:9 |    1376 |       0 |   0.0 |      17 |       0 |   0.0
       D:10 |    2097 |       0 |   0.0 |      21 |       0 |   0.0
            +---------+---------+-------+---------+---------+-------
